[ AOE2 MATCH · #507096573 ]
UnrankedAztecs vs Franks
Player's team · LOSS
Rival team · WIN
[ REPLAY ANALYSIS · EXTRACTED FROM THE RECORDED GAME ]
Feudal
9:07
Castle
23:58
Imperial
—
| APM avg | 62.8 |
| APM peak | 97 |
| eAPM avg | 21.1 |
| Villagers / military | 57 / 36 |
Focus
⚔️ 33.3% · 🌾 66.7%
Archer ×22 · Monk ×7 · Militia ×4 · Eagle Scout ×2 · Mangonel ×1
Feudal
13:22
Castle
20:37
Imperial
—
| APM avg | 76.3 |
| APM peak | 114 |
| eAPM avg | 40.7 |
| Villagers / military | 97 / 42 |
Focus
⚔️ 62.1% · 🌾 37.9%
Knight ×25 · Skirmisher ×6 · Mangonel ×4 · Archer ×3 · Militia ×3 · Scorpion ×1
Match map
Initial resources + every placement click. Lines = walls · curves = elevation contours. ◆ gold · ⬟ stone · ● berries · ✦ relic · ◌ wall gap
Your base· Open — unwalled flank
Learning's base· ✓ Closed at 20:37 · 39t walls · 3 gate(s)
Smoothed initial terrain · ◌ = detected wall gap · hover for details
Inputs per minute
— Mr. X - - Learning
Build order — Mr. X
First 150 of 162 actions detected
| 0:00 | Queue | Villager (Male) |
| 0:00 | Queue | Villager (Male) |
| 0:02 | Build | House |
| 0:03 | Build | House |
| 0:22 | Queue | Villager (Male) |
| 1:02 | Queue | Villager (Male) |
| 1:21 | Queue | Villager (Male) |
| 1:57 | Queue | Villager (Male) |
| 1:58 | Build | Lumber Camp |
| 2:40 | Queue | Villager (Male) |
| 2:40 | Queue | Villager (Male) |
| 3:06 | Queue | Villager (Male) |
| 3:33 | Build | House |
| 3:42 | Queue | Villager (Male) |
| 4:15 | Queue | Villager (Male) |
| 4:43 | Queue | Villager (Male) |
| 5:03 | Queue | Villager (Male) |
| 5:13 | Build | Barracks |
| 5:16 | Queue | Villager (Male) |
| 5:32 | Queue | Villager (Male) |
| 5:32 | Research | Loom |
| 5:42 | Build | House |
| 6:57 | Research | Feudal Age |
| 7:06 | Build | Mining Camp |
| 7:23 | Build | Palisade Wall |
| 7:24 | Build | Palisade Wall |
| 7:31 | Queue | Militia |
| 7:31 | Queue | Militia |
| 7:50 | Build | Palisade Wall |
| 7:51 | Build | Palisade Wall |
| 7:53 | Build | Palisade Wall |
| 8:11 | Build | Palisade Wall |
| 8:21 | Queue | Militia |
| 8:51 | Queue | Villager (Male) |
| 8:57 | Build | Mill |
| 9:07 | Age | Feudal Age |
| 9:11 | Research | Man-at-Arms (upgrade) |
| 9:46 | Queue | Villager (Male) |
| 10:19 | Queue | Villager (Male) |
| 11:29 | Build | Archery Range |
| 11:36 | Build | Farm |
| 11:36 | Build | Farm |
| 12:19 | Build | Farm |
| 12:19 | Build | Farm |
| 12:25 | Queue | Archer |
| 12:25 | Queue | Archer |
| 12:32 | Queue | Archer |
| 12:43 | Queue | Villager (Male) |
| 12:45 | Build | House |
| 12:46 | Build | Farm |
| 13:08 | Queue | Archer |
| 13:11 | Build | House |
| 13:17 | Build | House |
| 13:50 | Queue | Archer |
| 13:54 | Queue | Villager (Male) |
| 13:54 | Queue | Villager (Male) |
| 13:54 | Queue | Villager (Male) |
| 14:02 | Research | Town Watch |
| 14:06 | Research | Double-Bit Axe |
| 14:11 | Build | Farm |
| 14:16 | Build | Mill |
| 14:28 | Queue | Villager (Male) |
| 14:30 | Build | House |
| 14:31 | Build | Palisade Wall |
| 14:46 | Build | Blacksmith |
| 14:54 | Queue | Villager (Male) |
| 14:55 | Queue | Villager (Male) |
| 15:09 | Queue | Archer |
| 15:11 | Queue | Villager (Male) |
| 15:23 | Research | Fletching |
| 15:32 | Queue | Villager (Male) |
| 15:56 | Queue | Villager (Male) |
| 16:22 | Queue | Villager (Male) |
| 16:22 | Queue | Villager (Male) |
| 16:33 | Queue | Militia |
| 16:42 | Queue | Archer |
| 16:47 | Queue | Villager (Male) |
| 17:08 | Queue | Archer |
| 17:09 | Queue | Villager (Male) |
| 17:10 | Queue | Villager (Male) |
| 17:16 | Build | Farm |
| 17:26 | Queue | Archer |
| 17:36 | Research | Padded Archer Armor |
| 17:36 | Queue | Archer |
| 17:37 | Queue | Villager (Male) |
| 17:55 | Queue | Archer |
| 17:58 | Build | Farm |
| 17:58 | Build | Farm |
| 17:58 | Build | Farm |
| 17:58 | Build | Farm |
| 17:59 | Build | Farm |
| 17:59 | Build | Farm |
| 18:36 | Queue | Archer |
| 18:41 | Queue | Archer |
| 18:46 | Build | House |
| 18:47 | Build | House |
| 19:02 | Queue | Villager (Male) |
| 19:31 | Queue | Archer |
| 19:38 | Queue | Villager (Male) |
| 19:38 | Queue | Villager (Male) |
| 19:39 | Queue | Villager (Male) |
| 19:43 | Queue | Villager (Male) |
| 19:51 | Build | House |
| 19:52 | Queue | Villager (Male) |
| 19:56 | Build | Palisade Wall |
| 20:09 | Queue | Archer |
| 20:29 | Queue | Archer |
| 20:30 | Queue | Villager (Male) |
| 20:32 | Build | Farm |
| 20:42 | Queue | Villager (Male) |
| 20:53 | Build | Archery Range |
| 21:08 | Build | House |
| 21:09 | Build | Palisade Wall |
| 21:11 | Build | Palisade Wall |
| 21:18 | Research | Castle Age |
| 21:36 | Queue | Archer |
| 21:45 | Build | House |
| 21:46 | Build | Palisade Wall |
| 22:42 | Queue | Archer |
| 22:43 | Queue | Villager (Male) |
| 22:53 | Build | Farm |
| 22:53 | Build | Farm |
| 22:56 | Queue | Eagle Scout |
| 22:56 | Queue | Eagle Scout |
| 23:06 | Research | Scale Mail Armor |
| 23:24 | Build | Farm |
| 23:33 | Queue | Archer |
| 23:33 | Queue | Archer |
| 23:51 | Research | Forging |
| 23:58 | Age | Castle Age |
| 24:05 | Build | Monastery |
| 24:27 | Build | Town Center |
| 24:43 | Queue | Monk |
| 24:44 | Queue | Monk |
| 25:13 | Queue | Villager (Male) |
| 25:23 | Queue | Villager (Male) |
| 25:27 | Build | House |
| 25:37 | Build | Farm |
| 25:57 | Queue | Villager (Male) |
| 26:16 | Queue | Monk |
| 26:39 | Queue | Villager (Male) |
| 26:46 | Build | Farm |
| 26:46 | Queue | Villager (Male) |
| 26:58 | Research | Gold Mining |
| 27:10 | Queue | Villager (Male) |
| 27:13 | Build | Siege Workshop |
| 27:49 | Queue | Archer |
| 27:49 | Queue | Archer |
| 27:50 | Queue | Villager (Male) |
| 27:55 | Build | Monastery |
Build order — Learning
First 150 of 243 actions detected
| 0:00 | Queue | Villager (Male) ×4 |
| 0:00 | Queue | Villager (Male) ×4 |
| 0:02 | Build | House |
| 0:03 | Build | House |
| 1:28 | Queue | Villager (Male) |
| 1:47 | Queue | Villager (Male) |
| 1:51 | Build | Lumber Camp |
| 2:18 | Queue | Villager (Male) |
| 2:43 | Queue | Villager (Male) |
| 2:57 | Queue | Villager (Male) |
| 3:33 | Build | House |
| 3:34 | Build | House |
| 3:36 | Queue | Villager (Male) |
| 3:36 | Queue | Villager (Male) |
| 4:03 | Queue | Villager (Male) |
| 4:22 | Queue | Villager (Male) |
| 4:22 | Queue | Villager (Male) |
| 5:19 | Queue | Villager (Male) |
| 5:31 | Build | Barracks |
| 5:34 | Queue | Villager (Male) |
| 6:04 | Queue | Villager (Male) |
| 6:27 | Build | House |
| 6:28 | Queue | Militia |
| 6:29 | Queue | Militia |
| 6:41 | Queue | Villager (Male) |
| 6:42 | Queue | Villager (Male) |
| 6:48 | Build | Mill |
| 6:53 | Queue | Militia |
| 7:03 | Build | Palisade Wall |
| 7:07 | Queue | Villager (Male) |
| 7:20 | Queue | Villager (Male) |
| 7:33 | Queue | Villager (Male) |
| 7:38 | Build | Palisade Wall |
| 7:44 | Queue | Villager (Male) |
| 8:08 | Research | Loom |
| 8:09 | Queue | Villager (Male) |
| 8:13 | Build | Mill |
| 8:22 | Queue | Villager (Male) |
| 8:41 | Build | Palisade Wall |
| 8:42 | Queue | Villager (Male) |
| 9:18 | Queue | Villager (Male) |
| 9:37 | Queue | Villager (Male) |
| 9:46 | Queue | Villager (Male) |
| 10:27 | Queue | Villager (Male) |
| 10:30 | Build | Palisade Wall |
| 10:31 | Build | Palisade Wall |
| 10:42 | Queue | Villager (Male) |
| 10:45 | Build | Palisade Gate |
| 10:55 | Queue | Villager (Male) |
| 11:12 | Research | Feudal Age |
| 11:12 | Research | Feudal Age |
| 11:16 | Build | House |
| 11:25 | Queue | Villager (Male) |
| 11:35 | Queue | Villager (Male) |
| 11:36 | Build | Mining Camp |
| 11:53 | Build | House |
| 11:54 | Build | House |
| 11:55 | Queue | Villager (Male) |
| 12:13 | Queue | Villager (Male) |
| 12:18 | Build | Farm |
| 12:19 | Build | Farm |
| 12:19 | Build | Farm |
| 12:19 | Build | Farm |
| 12:19 | Build | Farm |
| 12:19 | Build | Farm |
| 12:20 | Build | Farm |
| 12:20 | Build | Farm |
| 12:20 | Build | Farm |
| 12:21 | Queue | Villager (Male) |
| 12:32 | Build | Palisade Gate |
| 12:43 | Queue | Villager (Male) |
| 13:05 | Build | Palisade Wall |
| 13:22 | Age | Feudal Age |
| 13:22 | Queue | Villager (Male) |
| 13:41 | Queue | Villager (Male) |
| 13:51 | Queue | Villager (Male) |
| 13:56 | Queue | Villager (Male) |
| 14:04 | Build | Archery Range |
| 14:11 | Build | House |
| 14:18 | Build | Palisade Wall |
| 14:23 | Research | Double-Bit Axe |
| 14:27 | Queue | Villager (Male) |
| 14:37 | Build | Palisade Gate |
| 14:42 | Build | Palisade Wall |
| 15:04 | Queue | Villager (Male) |
| 15:15 | Queue | Archer |
| 15:15 | Queue | Archer |
| 15:19 | Queue | Villager (Male) |
| 15:30 | Queue | Skirmisher |
| 15:37 | Build | House |
| 15:42 | Queue | Skirmisher |
| 15:46 | Build | House |
| 15:48 | Build | House |
| 15:52 | Build | House |
| 15:54 | Build | House |
| 15:58 | Build | House |
| 16:01 | Queue | Villager (Male) |
| 16:11 | Build | House |
| 16:17 | Build | House |
| 16:20 | Queue | Villager (Male) |
| 16:24 | Queue | Villager (Male) |
| 16:59 | Queue | Villager (Male) |
| 17:14 | Build | Blacksmith |
| 17:18 | Build | Blacksmith |
| 17:30 | Queue | Villager (Male) |
| 17:32 | Queue | Skirmisher |
| 17:33 | Queue | Skirmisher |
| 17:35 | Queue | Villager (Male) |
| 17:50 | Research | Castle Age |
| 18:14 | Research | Fletching |
| 18:14 | Research | Fletching |
| 18:18 | Build | Lumber Camp |
| 18:19 | Queue | Archer |
| 18:42 | Queue | Skirmisher |
| 18:56 | Queue | Villager (Male) |
| 19:06 | Build | Farm |
| 19:06 | Build | Farm |
| 19:06 | Build | Farm |
| 19:07 | Build | Farm |
| 19:07 | Build | Farm |
| 19:19 | Queue | Villager (Male) |
| 19:40 | Queue | Villager (Male) |
| 19:51 | Build | Stable |
| 20:08 | Queue | Skirmisher |
| 20:18 | Queue | Villager (Male) |
| 20:27 | Build | Farm |
| 20:28 | Build | Farm |
| 20:28 | Build | Farm |
| 20:28 | Build | Farm |
| 20:28 | Build | Farm |
| 20:37 | Age | Castle Age |
| 20:40 | Queue | Knight |
| 20:41 | Queue | Knight |
| 20:53 | Build | Farm |
| 21:00 | Queue | Villager (Male) |
| 21:16 | Queue | Villager (Male) |
| 21:38 | Build | Siege Workshop |
| 21:40 | Queue | Villager (Male) |
| 21:51 | Queue | Knight ×4 |
| 22:25 | Queue | Villager (Male) |
| 22:33 | Queue | Villager (Male) |
| 22:37 | Build | Town Center |
| 22:43 | Research | Scale Barding Armor |
| 22:44 | Queue | Villager (Male) |
| 22:54 | Build | House |
| 23:05 | Queue | Mangonel |
| 23:20 | Queue | Villager (Male) |
| 23:21 | Queue | Knight |
| 23:22 | Queue | Knight |
| 23:33 | Build | Outpost |
Match timeline
| 5:13 | Mr. X · first_building Barracks |
| 5:31 | Learning · first_building Barracks |
| 7:03 | Learning · wall_segment Palisade Wall x11 |
| 7:23 | Mr. X · wall_segment Palisade Wall x1 |
| 7:24 | Mr. X · wall_segment Palisade Wall x1 |
| 7:38 | Learning · wall_segment Palisade Wall x5 |
| 7:50 | Mr. X · wall_segment Palisade Wall x1 |
| 7:51 | Mr. X · wall_segment Palisade Wall x1 |
| 7:53 | Mr. X · wall_segment Palisade Wall x1 |
| 8:11 | Mr. X · wall_segment Palisade Wall x1 |
| 8:41 | Learning · wall_segment Palisade Wall x10 |
| 9:07 | Mr. X · age_up feudal |
| 10:30 | Learning · wall_segment Palisade Wall x2 |
| 10:31 | Learning · wall_segment Palisade Wall x1 |
| 11:29 | Mr. X · first_building Archery Range |
| 13:05 | Learning · wall_segment Palisade Wall x1 |
| 13:22 | Learning · age_up feudal |
| 14:04 | Learning · first_building Archery Range |
| 14:18 | Learning · wall_segment Palisade Wall x11 |
| 14:31 | Mr. X · wall_segment Palisade Wall x5 |
| 14:42 | Learning · wall_segment Palisade Wall x4 |
| 19:51 | Learning · first_building Stable |
| 19:56 | Mr. X · wall_segment Palisade Wall x2 |
| 20:37 | Learning · age_up castle |
| 21:09 | Mr. X · wall_segment Palisade Wall x6 |
| 21:11 | Mr. X · wall_segment Palisade Wall x9 |
| 21:38 | Learning · first_building Siege Workshop |
| 21:46 | Mr. X · wall_segment Palisade Wall x4 |
| 23:58 | Mr. X · age_up castle |
| 24:05 | Mr. X · first_building Monastery |
| 27:13 | Mr. X · first_building Siege Workshop |
| 31:16 | Learning · first_building Castle |
| 31:59 | Mr. X · resign |
[ AI ANALYSIS · 1 CREDIT ]
What really happened in this match?
Wolo.gg analyzes every decision: build order, eco, micro, common mistakes by bracket. Personalized analysis on WhatsApp or Discord in 30 seconds.
Civ guide
Aztecs
Perfil
Jugador #2885693